 Dungeon Crawl Stone Soup version 0.27-a0-1416-g941b2bd30b (webtiles) character file.

Game seed: 11778464817132402214

15 blackman the Slasher (level 2, -7/36 HPs)
             Began as a Human Berserker on July 1, 2021.
             Was a Follower of Trog.
             Mangled by Sigmund (11 damage)
             ... on level 2 of the Dungeon.
             The game lasted 00:04:03 (1486 turns).

blackman the Slasher (Human Berserker)              Turns: 1486, Time: 00:04:03

Health: -7/36      AC:  0    Str: 17    XL:     2   Next: 65%
Magic:  2/2        EV: 14    Int:  7    God:    Trog [*.....]
Gold:   62         SH:  0    Dex: 12    Spells: 1/1 levels left

rFire    . . .     SeeInvis .   (weapon currently unavailable)
rCold    . . .     Faith    .   (shield currently unavailable)
rNeg     . . .     Spirit   .   (armour currently unavailable)
rPois    .         Reflect  .   (helmet currently unavailable)
rElec    .         Harm     .   (cloak currently unavailable)
rCorr    .         Rampage  .   (gloves currently unavailable)
Will     .....                  (boots currently unavailable)
Stlth    ..........             (no amulet)
HPRegen  0.12/turn              (ring currently unavailable)
MPRegen  0.08/turn              (ring currently unavailable)

@: berserking (expiring), pig-form, very quick
A: fast, no casting, small
a: Renounce Religion, Berserk


You were on level 2 of the Dungeon.
You worshipped Trog.
Trog was aware of your devotion.
You were a filthy swine.
You visited 1 branch of the dungeon, and saw 2 of its levels.

You collected 62 gold pieces.

Inventory:

Hand Weapons
 a - a +0 falchion (melded)
Armour
 b - a +0 animal skin
 d - a +0 scale mail (melded)
Scrolls
 c - a scroll of summoning {unknown}
 e - 5 scrolls of identify {unknown}
 f - a scroll of vulnerability {unknown}
 g - a scroll of enchant weapon {unknown}
Potions
 h - a potion of heal wounds {unknown}


   Skills:
 + Level 3.1 Fighting
 + Level 3.2 Long Blades
 + Level 2.3 Armour
 + Level 2.2 Dodging


You had one spell level left.
You didn't know any spells.
Your spell library contained the following spells:

 Spells                   Type           Power      Damage    Failure   Level
 Conjure Flame            Conj/Fire      0%         6-21      80%         3
 Ignite Poison            Fire/Tmut/Pois 0%         N/A       80%         3
 Sticky Flame             Conj/Fire      0%         2d3       99%         4


Dungeon Overview and Level Annotations

Branches:
Dungeon (2/15)

Altars:

Annotations:
D:2 Sigmund


Message History

Sigmund is nearby!
Sigmund is nearby!
Sigmund is nearby!
Sigmund is nearby!
Found a leather armour.
Sigmund zaps a wand.
You resist with significant effort.
Sigmund gestures wildly while chanting.
Sigmund flickers and vanishes!
Deactivating autopickup; reactivate with Ctrl-A.
Found a stone staircase leading down.
No target in view!
There is a strange disturbance nearby!
There is a strange disturbance nearby!
There is a strange disturbance nearby!
Something hits you!
A red film seems to cover your vision as you go berserk!
You feel yourself moving faster!
You feel mighty! Something hits you.
No target in view!
No target in view!
No target in view!
No target in view!
No target in view!
No target in view!
No target in view!
No target in view!
No target in view!
No target in view!
No target in view!
You feel a strong urge to attack something.
You hear a zap.
You turn into a filthy swine.
Your +0 falchion melds into your body.
Your +0 scale mail melds into your body.
You miss something. You completely miss something. Something hits you!
* * * LOW HITPOINT WARNING * * *
You miss something. You closely miss something. Something hits you.
* * * LOW HITPOINT WARNING * * *
You bite something! Something hits you!
You die...

##### .>.. ...#
###..# # #....#
#.#.{..# #
#.##h.##.#
.[#........#
#........#######
................
..######.#########
.....(...........#
.######.#######.#
.... ..#.# ###.#
#.#.#


There were no monsters in sight!

Vanquished Creatures
  3 endoplasms (D:1)
  2 hobgoblins (D:1)
  3 ball pythons (D:2)
  3 bats (D:1)
  A frilled lizard (D:2)
  A kobold (D:2)
  2 rats (D:1)
15 creatures vanquished.

Notes
Turn   | Place    | Note
-------+----------+-------------------------------------------
     0 | D:1      | blackman the Human Berserker began the quest for the Orb.
     0 | D:1      | Reached XP level 1. HP: 18/18 MP: 1/1
   479 | D:1      | Found a faded altar of an unknown god.
   497 | D:1      | Reached XP level 2. HP: 22/24 MP: 2/2
  1475 | D:2      | Noticed Sigmund
  1486 | D:2      | Mangled by Sigmund

Illustrated notes

Levels and vault maps discovered:
D:1:      dpeg_arrival_boxorama, layout_basic,
          shapermc_ecumenical_altar_starsandcircs, minmay_misc_feat_cross,
          minivault_23, serial_bayou_pond_a
D:2:      layout_basic, small_statue_intersection, uniq_robin, uniq_sigmund

Action                   || total
-------------------------++-------
Melee: Falchion          ||    45
       Unarmed           ||     5
Invok: Berserk           ||     1
Armor: Animal skin       ||     5
       Scale mail        ||    14
Dodge: Dodged            ||    24
       Rpst.: Falchion   ||     3

Table legend: (Time is in decaauts)
 A = Elapsed time spent in this place.
 B = Non-inter-level travel time spent in this place.
 C = Inter-level travel time spent in this place.
 D = Time resting spent in this place.
 E = Time spent auto-exploring this place.
 F = Levels seen in this place.
 G = Mean time per level.
                   A        B        C        D        E       F      G
               +--------+--------+--------+--------+--------+-----+--------+
         Total |   1490 |   1432 |     58 |    140 |   1139 |   2 |  745.0 |
       Dungeon |   1490 |   1432 |     58 |    140 |   1139 |   2 |  745.0 |
               +--------+--------+--------+--------+--------+-----+--------+

Top non-repeatable levels by time:
     D:1: 1199 daAuts
     D:2: 291 daAuts
